 Dungeon Crawl Stone Soup version 0.29-a0-234-g0dae59b3db (webtiles) character file.

Game seed: 593699072969181623

357 bande the Chopper (level 6, -1/39 HPs)
             Began as a Gargoyle Fighter on Mar 4, 2022.
             Killed by nerve-wracking pain
             ... invoked by a shadow imp
             ... summoned by Eustachio
              (3 damage)
             ... on level 4 of the Dungeon.
             The game lasted 00:05:24 (3282 turns).

bande the Chopper (Gargoyle Fighter)                Turns: 3282, Time: 00:05:25

Health: -1/39      AC: 18    Str: 20    XL:     6   Next: 64%
Magic:  0/6        EV:  9    Int:  8    God:
Gold:   103        SH:  5    Dex: 11    Spells: 5/5 levels left

rFire   + . .      SeeInvis .   a - +0 war axe
rCold   . . .      Faith    .   c - +1 buckler
rNeg    + . .      Spirit   +   i - +1 scale mail {rF+}
rPois   ∞          Reflect  .   g - +1 helmet
rElec   +          Harm     .   (no cloak)
rCorr   .          Rampage  .   (no gloves)
Will    .....                   (no boots)
Stlth   ..........              j - amulet of guardian spirit
HPRegen 0.13/turn               f - +4 ring of protection
MPRegen 0.10/turn               (no ring)

@: mighty
A: sickness immunity, AC +4, negative energy resistance 1, electricity
resistance, torment resistance 1, petrification resistance
a: no special abilities


You were on level 4 of the Dungeon.
You visited 1 branch of the dungeon, and saw 4 of its levels.

You collected 103 gold pieces.

Inventory:

Hand Weapons
 a - a +0 war axe (weapon)
Armour
 c - a +1 buckler (worn)
 g - a +1 helmet (worn)
 i - a +1 scale mail of fire resistance (worn)
Jewellery
 f - a +4 ring of protection (left hand)
 j - an amulet of guardian spirit (around neck)
Scrolls
 h - a scroll of amnesia
 n - a scroll of enchant armour
Potions
 d - a potion of might
 e - a potion of heal wounds {unknown}
 m - a potion of flight {unknown}


   Skills:
 + Level 4.4 Fighting
 + Level 4.5 Axes
 + Level 4.4 Armour
 + Level 4.2 Shields


You had 5 spell levels left.
You didn't know any spells.
Your spell library contained the following spells:

 Spells                   Type           Power      Damage    Failure   Level
 Magic Dart               Conj           0%         1d3       83%         1
 Searing Ray              Conj           0%         2d4       93%         2
 Fulminant Prism          Conj/Hex       0%         3d6       100%        4


Dungeon Overview and Level Annotations

Branches:
Dungeon (4/15)
 Temple: D:4-7

Altars:
Dithmenos
Kikubaaqudgha

Shops:
D:1 (

Annotations:
D:4 Eustachio


Innate Abilities, Weirdness & Mutations

You are immune to sickness and miasma.
Your stone body is resilient. (AC +4)
You are immune to poison.
You resist negative energy. (rN+)
You are resistant to electric shocks. (rElec)
You are resistant to unholy torment.
You are immune to petrification.


Message History

You block the river rat's attack.
You barely miss Eustachio.
Eustachio is almost dead.
You hit the shadow imp but do no damage.
You barely miss the river rat.
Eustachio gestures wildly while chanting.
You block the river rat's attack.
You completely miss Eustachio.
Eustachio is almost dead.
You closely miss the shadow imp. You closely miss the river rat.
You hit the river rat. You slash the shadow imp!
Eustachio screams, "This atrocity can only be purified with blood!"
Eustachio hits you but does no damage. You block the bat's attack.
The river rat barely misses you. The shadow imp closely misses you.
The river rat bites you but does no damage.
Eustachio hits you but does no damage. You block the bat's attack.
You hit Eustachio.
Eustachio is almost dead.
You barely miss the iron imp. You slash the bat!
You kill the bat!
The bat's corpse disappears in a puff of smoke!
You completely miss the river rat. You closely miss the river rat.
You hit the shadow imp.
The river rat bites you but does no damage.
The shadow imp hits you but does no damage.
The river rat bites you but does no damage.
Eustachio mumbles some strange words.
Unknown command.
You closely miss Eustachio.
Eustachio is almost dead.
You hit the shadow imp. You barely miss the river rat. You hit the river rat.
You kill the river rat!
The river rat's corpse disappears in a puff of smoke!
You slash the bat!
You kill the bat!
The bat's corpse disappears in a puff of smoke!
You hit the shadow imp. You slash the iron imp! The iron imp misses you.
The shadow imp gestures at you. Pain shoots through your body!
You die...

.......†.>.........#
#######.##########.# #
#######.# #.# #
#.......# #.# ##
#.#####.# #.# #. ###.###
#.# #. # #..b..# #.# #.
#.###.r5@.########.####.
#.....§@5.........<.....
#..##..§5.########.#.###
#§. #.....# #..#.## #..
###.### #...#.# #.. #.#
##)..## ... #.# ##>##
...# #.# #.# ### #.# #.#
#.#


You could see Eustachio, an iron imp (summoned), a river rat (summoned), 2
shadow imps and a bat (summoned).

Vanquished Creatures
  Pargi (D:4)
  The ghost of enile the Poker, an amateur DgWn (D:3)
  A howler monkey (D:3)
  A jelly (D:4)
  Robin (D:2)
  2 adders (D:4)
  2 worms
  A dart slug (D:1)
  7 ball pythons
  3 bats (D:2)
  3 endoplasms
  3 giant cockroaches
  13 goblins
  9 hobgoblins
  6 jackals
  3 quokkas
  2 frilled lizards
  8 kobolds
  4 rats
71 creatures vanquished.

Notes
Turn   | Place    | Note
-------+----------+-------------------------------------------
     0 | D:1      | bande the Gargoyle Fighter began the quest for the Orb.
     0 | D:1      | Reached XP level 1. HP: 14/14 MP: 1/1
    88 | D:1      | Found Noklin's Weapon Boutique.
   321 | D:1      | Reached XP level 2. HP: 19/19 MP: 2/2
  1126 | D:2      | Found a faded altar of an unknown god.
  1145 | D:2      | Reached XP level 3. HP: 23/23 MP: 3/3
  1294 | D:2      | Noticed Robin
  1318 | D:2      | Killed Robin
  1555 | D:2      | Reached XP level 4. HP: 29/29 MP: 4/4
  2066 | D:3      | Found a shadowy altar of Dithmenos.
  2214 | D:3      | Reached XP level 5. HP: 33/33 MP: 5/5
  2360 | D:3      | Found an ancient bone altar of Kikubaaqudgha.
  2393 | D:3      | Found a runed translucent door.
  2398 | D:3      | Noticed enile's ghost (amateur DgWn)
  2508 | D:3      | Killed enile's ghost
  2714 | D:4      | Reached XP level 6. HP: 32/38 MP: 4/6
  2811 | D:4      | Noticed Pargi
  2827 | D:4      | Killed Pargi
  3224 | D:4      | Noticed Eustachio
  3277 | D:4      | HP: 1/39 [river rat[Eustachio] (2)]
  3282 | D:4      | Killed from afar by a shadow imp

Illustrated notes

Levels and vault maps discovered:
D:1:      dpeg_arrival_more_subterranean_lakeside_camping, layout_basic,
          serial_shops, nicolae_shop_hallway_plus,
          amcnicky_mini_corridor_feature, minmay_tromino_v4_c
D:2:      layout_basic, hellmonk_ecumenical_altar_run_dry, uniq_robin
D:3:      layout_basic, lemuel_doored_altar, nicolae_overflow_hidden_temple,
          ebering_ghost_reflecting_pool, minmay_misc_feat_columns
D:4:      layout_loops_ring, minmay_manual_macuahuitl, uniq_pargi,
          uniq_eustachio

Skill      XL: |  1  2  3  4  5 |
---------------+----------------+-----
Axes           | 2 3 4 |  4.5
Shields        | 4 |  4.2
Fighting       | 4 |  4.4
Armour         | 4 |  4.4

Action                   |  1- 3 |  4- 6 || total
-------------------------+-------+-------++-------
Melee: War axe           |    72 |   151 ||   223
  Use: Scroll            |     4 |     3 ||     7
       Potion            |       |     2 ||     2
Armor: Scale mail        |    55 |   156 ||   211
Dodge: Dodged            |    39 |   117 ||   156
Block: Buckler           |    25 |    69 ||    94

Table legend: (Time is in decaauts)
 A = Elapsed time spent in this place.
 B = Non-inter-level travel time spent in this place.
 C = Inter-level travel time spent in this place.
 D = Time resting spent in this place.
 E = Time spent auto-exploring this place.
 F = Levels seen in this place.
 G = Mean time per level.
                   A        B        C        D        E       F      G
               +--------+--------+--------+--------+--------+-----+--------+
         Total |   3371 |   3298 |     73 |    565 |   2090 |   4 |  842.8 |
       Dungeon |   3371 |   3298 |     73 |    565 |   2090 |   4 |  842.8 |
               +--------+--------+--------+--------+--------+-----+--------+

Top non-repeatable levels by time:
     D:1: 1074 daAuts
     D:2: 842 daAuts
     D:3: 795 daAuts
     D:4: 658 daAuts
